 Dungeon Crawl Stone Soup version 0.20.1-1-g8b1a95d (webtiles) character file.

2635 LarsimusPrime the Basher (level 9, -2/81 HPs)
             Began as a Minotaur Berserker on Oct 18, 2017.
             Was an Initiate of Okawaru.
             Slain by a polar bear (15 damage)
             ... created by the rage of Trog
             ... on level 7 of the Dungeon on Oct 19, 2017.
             The game lasted 00:23:11 (7027 turns).

LarsimusPrime the Basher (Minotaur Berserker)       Turns: 7027, Time: 00:23:12

Health: -2/81      AC: 18    Str: 24    XL:     9   Next: 35%
Magic:  8/8        EV:  8    Int:  5    God:    Okawaru [......]
Gold:   392        SH:  0    Dex: 10    Spells: 8/8 levels left

rFire    + . .     SeeInvis .   y - +2 morningstar
rCold    . . .     Gourm    .   (no shield)
rNeg     . . .     Faith    +   h - +0 plate armour
rPois    .         Spirit   .   (helmet restricted)
rElec    .         Reflect  .   r - +0 cloak
rCorr    .         Harm     .   z - +0 pair of gloves
MR       .....                  e - +0 pair of boots
Stlth    ..........             w - amulet of faith
Regen    0.3/turn               l - ring of wizardry
MPRegen  0.2/turn               t - ring of protection from fire

@: drained
A: retaliatory headbutt, horns 2
a: Renounce Religion


You were on level 7 of the Dungeon.
You worshipped Okawaru.
Okawaru was noncommittal.
You were hungry.

You visited 2 branches of the dungeon, and saw 8 of its levels.

You collected 392 gold pieces.

Inventory:

Hand Weapons
 a - a +0 mace
 u - a cursed +0 dire flail
 y - a +2 morningstar (weapon)
Missiles
 v - 9 tomahawks (quivered)
 B - a poisoned tomahawk
Armour
 b - a +0 animal skin
 e - a +0 pair of boots (worn)
 f - a +0 pair of gloves
 h - a +0 plate armour (worn)
 r - a +0 cloak (worn)
 z - a +0 pair of gloves (worn)
Jewellery
 l - a ring of wizardry (left hand)
 t - a ring of protection from fire (right hand)
 w - an amulet of faith (around neck)
Scrolls
 i - 6 scrolls of identify
 j - a scroll of blinking {unknown}
 k - 4 scrolls of remove curse
 n - 7 scrolls of teleportation
 p - a scroll of noise
 F - a scroll of amnesia {unknown}
 G - a scroll of fog
Potions
 m - a potion of lignification
 s - 5 potions of curing {unknown}
 x - 2 potions of ambrosia {unknown}
 C - a potion of flight {unknown}
 D - 2 potions of cancellation {unknown}
 E - a potion of berserk rage {unknown}
 H - 2 potions of mutation {unknown}
Comestibles
 c - 6 bread rations
 d - 3 meat rations
 g - 9 royal jellies
 o - 3 fruits


   Skills:
 + Level 8.2 Fighting
 + Level 10.8 Maces & Flails
 + Level 8.6 Armour
 + Level 2.9(2.8) Dodging


You had 8 spell levels left.
You didn't know any spells.

Dungeon Overview and Level Annotations

Branches:
Dungeon (7/15)             Temple (1/1) D:6

Altars:
Ashenzari
Dithmenos
Elyvilon
Fedhas
Gozag
Kikubaaqudgha
Nemelex Xobeh
Okawaru
Qazlal
Ru
Sif Muna
Trog
Uskayaw
Yredelemnul
Zin

Shops:
D:4 ?   D:5 *


Innate Abilities, Weirdness & Mutations

You reflexively headbutt those who attack you in melee.
You have a pair of horns on your head.


Message History

The polar bear claws you but does no damage.
The polar bear barely misses you.
You closely miss the polar bear.
The polar bear is severely wounded.
The polar bear bites you!
* * * LOW HITPOINT WARNING * * *
The polar bear claws you but does no damage.
The polar bear claws you.
* * * LOW HITPOINT WARNING * * *
The polar bear bites you but does no damage.
The polar bear claws you but does no damage. x2
The black bear rages.
You sock the polar bear!
The polar bear is severely wounded.
The polar bear barely misses you. x2
The polar bear claws you but does no damage.
The polar bear barely misses you.
The polar bear claws you but does no damage. x2
The polar bear bites you!
You die...

#.# #.# ..# #.# #### #.#
≈≈≈≈≈≈###.###
≈≈≈≈≈≈≈.....#
#≈≈###≈≈###.# # ≈ #≈≈#
#.### #.##
#≈≈#+#≈≈###...####....##
≈≈≈≈≈≈≈≈......hh@hh.....
≈≈≈≈≈≈≈≈..#.#.####h...##
#≈≈###≈≈#..##.# #.## ≈
#≈≈#.###.# #
#≈≈###≈≈#.###.#
≈≈≈≈≈≈≈.......#
≈≈≈≈≈≈###.##### #####
#.# #.#


You could see 3 polar bears and 2 black bears.

Vanquished Creatures
  Menkaure (D:7)
  3 phantoms
  An ice beast (D:6)
  2 sky beasts
  A black bear (D:6)
  3 ogres
  2 centaurs
  A water moccasin skeleton (D:6)
  A scorpion (D:3)
  5 wights (D:6)
  A howler monkey (D:5)
  2 electric eels (D:7)
  2 bullfrog zombies
  A crimson imp (D:5)
  A centaur zombie (D:6)
  2 bullfrog skeletons
  4 orc priests
  A hound (D:4)
  8 orc wizards
  Crazy Yiuf (D:7)
  3 iguanas
  3 worker ants
  A hound skeleton (D:6)
  10 adders
  4 gnolls (D:7)
  3 shadow imps
  An adder skeleton (D:6)
  5 worms
  3 dart slugs
  3 leopard geckos
  26 orcs
  2 ball pythons
  5 bats
  5 giant cockroaches
  4 goblins
  7 hobgoblins
  9 jackals (D:5)
  9 kobolds
  4 quokkas
  2 frilled lizards
  A leopard gecko zombie (D:4)
  7 rats
160 creatures vanquished.

Notes
Turn   | Place    | Note
-------+----------+-------------------------------------------
     0 | D:1      | LarsimusPrime the Minotaur Berserker began the quest for the Orb.
     0 | D:1      | Reached XP level 1. HP: 19/19 MP: 0/0
     1 | D:1      | Found an ancient bone altar of Kikubaaqudgha.
   277 | D:1      | Reached XP level 2. HP: 26/27 MP: 1/1
   793 | D:2      | Reached skill level 4 in Maces & Flails
   794 | D:2      | Reached XP level 3. HP: 33/33 MP: 2/2
  1592 | D:3      | Reached XP level 4. HP: 39/41 MP: 3/3
  1603 | D:3      | Reached ** piety under Trog
  1759 | D:3      | Reached skill level 5 in Maces & Flails
  1845 | D:3      | Found a shadowy altar of Dithmenos.
  1994 | D:3      | Reached skill level 5 in Fighting
  1994 | D:3      | Reached XP level 5. HP: 31/48 MP: 4/4
  2158 | D:3      | Reached skill level 6 in Maces & Flails
  2885 | D:4      | Found Geytikyugu's Magic Scroll Boutique.
  2975 | D:4      | Reached XP level 6. HP: 56/56 MP: 5/5
  3412 | D:4      | Reached *** piety under Trog
  3412 | D:4      | Reached skill level 7 in Maces & Flails
  3685 | D:5      | Entered Level 5 of the Dungeon
  3712 | D:5      | Found Ezekolik's General Store.
  3734 | D:5      | Reached XP level 7. HP: 48/61 MP: 6/6
  3827 | D:5      | Reached skill level 5 in Armour
  4492 | D:5      | Reached skill level 8 in Maces & Flails
  4583 | D:5      | Reached XP level 8. HP: 52/71 MP: 7/7
  5116 | D:5      | Reached skill level 9 in Maces & Flails
  5333 | D:5      | Reached **** piety under Trog
  5686 | D:6      | Found a hide-covered altar of Uskayaw.
  5689 | D:6      | Noticed a dagger
  5690 | D:6      | Noticed a hand axe
  5785 | D:6      | Found a staircase to the Ecumenical Temple.
  5791 | Temple   | Entered the Ecumenical Temple
  5892 | D:6      | Reached skill level 10 in Maces & Flails
  6090 | D:6      | Reached XP level 9. HP: 72/79 MP: 8/8
  6447 | D:7      | Noticed Menkaure
  6453 | D:7      | Killed Menkaure
  6652 | D:7      | Found a shattered altar of Ashenzari.
  6653 | D:7      | Found a deep blue altar of Sif Muna.
  6654 | D:7      | Found a stormy altar of Qazlal.
  6654 | D:7      | Found a basalt altar of Yredelemnul.
  6657 | D:7      | Found a white marble altar of Elyvilon.
  6658 | D:7      | Found an iron altar of Okawaru.
  6739 | D:7      | Fell from the grace of Trog
  6739 | D:7      | Became a worshipper of Warmaster Okawaru
  6816 | D:7      | Found a runed door.
  6820 | D:7      | Noticed Crazy Yiuf
  6825 | D:7      | Killed Crazy Yiuf
  7020 | D:7      | Noticed a polar bear
  7020 | D:7      | Noticed a polar bear
  7020 | D:7      | Noticed a polar bear
  7027 | D:7      | Slain by a polar bear

Skill      XL: |  1  2  3  4  5  6  7  8  9 |
---------------+----------------------------+-----
Fighting       | 4 5 6 7 8 |  8.2
Maces & Flails | 4 5 6 7 8 10 | 10.8
Armour         | 3 4 6 7 8 |  8.6
Dodging        | |  2.9

Action                   |  1- 3 |  4- 6 |  7- 9 || total
-------------------------+-------+-------+-------++-------
Melee: Mace              |    74 |   178 |   196 ||   448
       Headbutt          |     9 |    24 |    55 ||    88
       Morningstar       |       |       |    79 ||    79
Invok: Berserk           |       |       |     2 ||     2
  Use: Scroll            |       |       |    11 ||    11
       Potion            |       |       |     1 ||     1
  Eat: Chunk             |     2 |     7 |    12 ||    21
Armor: Plate armour      |    60 |   113 |   182 ||   355
Dodge: Dodged            |    28 |    64 |   113 ||   205
